Map: Bastion of the Conclave

Players

KereD

  • Race: Terran Terran
  • Spawn Location: 0:00

highhemplar

  • Race: Protoss Protoss
  • Spawn Location: 12:00

Metasapien

  • Race: Zerg Zerg
  • League: Platinum
  • Spawn Location: 12:00

Wickman - Winner!

  • Race: Protoss Protoss
  • Spawn Location: 6:00

ThirdRailTX - Winner!

  • Race: Protoss Protoss
  • Spawn Location: 6:00

Rob - Winner!

  • Race: Protoss Protoss
  • League: Platinum
  • Spawn Location: 6:00

VOD

Have the link to the VOD?

Description

Time

  • Played on: Sept. 24, 2017, 1:28 p.m.
  • Length: 20:58
Show
View Real Time Build Order
Export as new Build Order

KereD Terran 

Build Orders: Cyclone Opening, MMM Bio 

Get SALT Encoding   

  12  0:01  SCV  
  13  0:13  SCV  
  14  0:19  Supply Depot  
  14  0:25  SCV  
  15  0:31  Refinery  
  15  0:41  SCV  
  16  0:47  Barracks  
  16  0:53  SCV  
  17  0:58  Refinery  
  17  1:15  SCV  
  18  1:50  Factory  
  18  1:51  Orbital Command  
  18  1:53  Barracks Reactor  
  18  2:16  Supply Depot  
  18  2:26  SCV  
  19  2:40  Marine  
  19  2:41  Cyclone  
  19  2:42  Cyclone  
  26  2:58  Engineering Bay  
  26  3:04  SCV  
  27  3:08  Marine  
  27  3:24  Cyclone  
  30  3:33  Missile Turret  
  30  3:38  Supply Depot  
  30  4:00  Cyclone  
  33  4:06  SCV  
  27  4:37  Barracks Reactor  
  27  4:38  Widow Mine x2  
  31  4:47  Command Center  
  31  4:57  SCV  
  32  5:01  Terran Infantry Weapons Level 1  
  32  5:07  Barracks  
  32  5:09  Missile Turret  
  32  5:10  Barracks  
  25  5:30  Marine x2  
  25  5:31  Widow Mine x2  
  31  5:36  SCV  
  32  5:48  SCV  
  33  6:10  SCV  
  34  6:22  Barracks Tech Lab, Barracks Reactor  
  34  6:23  Marine x2  
  36  6:40  Armory  
  36  6:43  Engineering Bay  
  36  6:44  Marine x3  
  36  6:45  Stimpack  
  39  6:54  Starport  
  39  6:55  Terran Infantry Armor Level 1  
  39  7:00  Missile Turret x2  
  39  7:02  Missile Turret  
  39  7:07  Orbital Command  
  39  7:10  SCV  
  40  7:29  Widow Mine x2  
  44  7:31  Starport Reactor  
  44  7:33  Marine  
  44  7:34  Marine x3  
  48  7:39  Terran Infantry Weapons Level 2  
  48  7:44  SCV  
  48  7:45  Refinery  
  48  7:50  Refinery  
  47  7:51  Marine  
  48  8:09  Medivac  
  48  8:11  Marine x4  
  54  8:18  Command Center  
  53  8:46  Combat Shields  
  53  8:54  Marine  
  54  8:57  Marine  
  54  9:08  Supply Depot  
  54  9:14  Terran Infantry Armor Level 2  
  54  9:15  Supply Depot  
  54  9:16  Supply Depot  
  54  9:17  Terran Vehicle And Ship Armor Level 1  
  54  9:29  Barracks, Marine x2  
  56  9:31  Supply Depot  
  56  9:32  Barracks  
  56  9:33  SCV  
  57  9:45  SCV  
  57  9:48  Marine x5  
  63  9:54  Supply Depot  
  63  9:57  SCV  
  64  10:05  Marine  
  64  10:06  Marine x4  
  69  10:07  Viking  
  69  10:10  SCV  
  72  10:17  Supply Depot  
  72  10:23  Marine  
  72  10:25  Marine  
  72  10:26  Marine x3  
  72  10:28  SCV  
  76  10:35  Missile Turret  
  76  10:40  SCV  
  76  10:41  Marine  
  76  10:52  SCV  
  77  10:58  Viking x2  
  81  11:17  Marine x2  
  81  11:18  Marine x3  
  86  11:33  Viking x2  
  70  11:49  Marine x5  
  73  11:55  Orbital Command  
  73  12:03  Medivac x2  
  77  12:08  Widow Mine  
  77  12:10  Widow Mine  
  77  12:14  Building Armor  
  61  12:44  Marine x5  
  69  13:02  Marine x3  
  68  13:20  Marine x2  
  68  13:21  Marine x3  
  73  13:34  Starport  
  73  13:38  Starport, Marine x3  
  69  13:41  Starport  
  57  14:01  Marine x5  
  51  14:19  Marine x5  
  56  14:27  Starport Reactor x2  
  56  14:32  SCV  
  56  14:37  Marine  
  56  14:38  Marauder  
  60  14:40  Starport Reactor  
  60  14:44  SCV  
  61  14:51  Widow Mine x2  
  65  14:55  Terran Infantry Weapons Level 3  
  65  14:56  SCV  
  66  15:01  Terran Infantry Armor Level 3  
  66  15:03  SCV  
  67  15:26  Medivac  
  69  16:01  Command Center  
  69  16:08  SCV x2  
  71  16:18  Refinery  
  71  16:19  Viking x2  
  71  16:20  SCV  
  71  16:21  Refinery  
  71  16:24  Widow Mine x2  
  80  16:31  SCV  
  80  16:32  SCV  
  82  16:44  SCV  
  83  16:48  Marine x3  
  83  16:49  Marine  
  87  16:56  SCV  
  88  17:01  Viking  
  88  17:03  Barracks Reactor  
  88  17:05  Barracks Reactor  
  90  17:08  SCV  
  91  17:20  SCV  
  59  17:55  Marine x2  
  59  17:56  Marine x2  
  61  18:04  Viking x2  
  69  18:08  Orbital Command  
  69  18:12  Missile Turret  
  57  19:03  Viking  
  57  19:04  Viking x5  
  69  19:10  Supply Depot  
  69  19:15  Supply Depot  
  69  19:19  Supply Depot  
  69  19:33  Viking  
  69  19:34  Viking x5  
  81  19:54  SCV  
  82  20:03  Viking  
  82  20:04  Viking x5  
  82  20:06  SCV  
Show
View Real Time Build Order
Export as new Build Order

highhemplar Protoss 

Build Orders:  

Get SALT Encoding   

  12  0:02  Probe (Chrono Boost)  
  13  0:12  Probe (Chrono Boost)  
  14  0:19  Pylon  
  14  0:25  Probe (Chrono Boost)  
  15  0:37  Probe (Chrono Boost)  
  15  0:40  Gateway  
  16  0:47  Probe (Chrono Boost)  
  17  0:58  Probe (Chrono Boost)  
  18  1:08  Probe (Chrono Boost)  
  19  1:13  Assimilator  
  19  1:19  Probe (Chrono Boost)  
  20  1:30  Cybernetics Core  
  20  1:34  Gateway  
  20  1:42  Assimilator  
  20  1:51  Gateway  
  20  1:58  Gateway  
  20  2:11  Warp Gate (Chrono Boost)  
  20  2:14  Probe  
  20  2:24  Stalker  
  20  2:26  Probe  
  23  2:30  Pylon  
  23  2:34  Pylon  
  23  2:48  Stalker  
  25  2:52  Stalker  
  27  4:02  Stalker x4  
  35  4:30  Stalker x2  
  39  4:32  Pylon  
  39  4:35  Pylon  
  39  4:37  Pylon  
  39  4:51  Stalker x2  
  43  4:53  Stalker  
  43  4:54  Stalker  
  29  5:44  Stalker x4  
  33  6:38  Stalker x4  
  29  7:20  Stalker x4  
  31  7:46  Stalker x4  
  39  8:05  Nexus  
  39  8:12  Stalker x2  
  43  8:33  Stalker x2  
  47  9:09  Stalker x3  
  46  9:46  Stalker x3  
  11  16:10  Nexus  
  11  16:56  Pylon  
  1  20:41  Probe  
Show
View Real Time Build Order
Export as new Build Order

Metasapien Zerg 

Build Orders: 3 Hatch before Pool 

Get SALT Encoding   

  12  0:05  Drone  
  13  0:37  Hatchery  
  13  0:39  Overlord  
  12  0:46  Drone  
  13  1:17  Hatchery  
  13  1:18  Drone x2  
  14  1:22  Drone  
  15  1:42  Spawning Pool  
  15  1:44  Extractor  
  15  1:46  Drone  
  14  1:51  Drone  
  15  2:28  Drone x3  
  18  2:31  Drone  
  18  2:32  Queen  
  18  2:33  Drone  
  18  2:34  Drone  
  23  2:42  Overlord  
  23  2:47  Zergling x2  
  24  2:58  Zergling x4  
  24  2:59  Zergling x4  
  28  3:12  Zergling x4  
  30  3:18  Roach Warren  
  29  3:20  Drone  
  28  3:32  Zergling x2  
  28  3:33  Zergling x4  
  28  3:40  Queen  
  30  3:41  Drone  
  30  3:45  Extractor  
  30  3:51  Drone x3  
  30  3:55  Metabolic Boost  
  33  3:58  Drone  
  34  4:08  Roach  
  36  4:10  Overlord x2  
  36  4:26  Extractor  
  32  4:42  Lair  
  32  4:45  Hatchery  
  29  4:49  Drone x3, Spore Crawler  
  31  5:07  Spore Crawler  
  31  5:10  Drone x3  
  31  5:11  Drone  
  31  5:13  Drone  
  33  5:23  Roach  
  33  5:24  Roach  
  33  5:27  Spore Crawler  
  36  5:33  Drone  
  36  5:34  Spore Crawler  
  36  5:43  Hydralisk Den  
  36  5:46  Drone  
  36  5:47  Drone x2  
  38  5:51  Ravager  
  38  5:52  Ravager  
  40  5:58  Queen  
  40  6:00  Drone  
  43  6:05  Overlord  
  43  6:08  Drone  
  45  6:11  Drone  
  45  6:17  Hydralisk  
  47  6:20  Hydralisk  
  47  6:22  Drone  
  47  6:25  Overseer  
  50  6:28  Drone  
  50  6:31  Overlord  
  51  6:34  Drone  
  51  6:38  Drone x2  
  54  6:43  Drone  
  54  6:46  Drone x2  
  57  6:47  Drone  
  57  6:52  Extractor  
  57  6:53  Drone x2  
  59  6:54  Drone  
  59  7:00  Drone  
  61  7:01  Hydralisk  
  61  7:03  Hydralisk  
  61  7:07  Hydralisk  
  67  7:10  Hydralisk  
  67  7:13  Hydralisk  
  71  7:17  Hydralisk  
  73  7:29  Overlord  
  73  7:30  Overlord x3  
  73  7:35  Drone  
  74  7:40  Extractor  
  74  7:42  Drone  
  74  8:01  Overlord x3, Hydralisk  
  74  8:02  Roach x2, Hydralisk x3  
  86  8:16  Drone  
  86  8:17  Drone x2  
  89  8:21  Hydralisk x2  
  89  8:22  Roach x2, Hydralisk x2  
  101  8:30  Evolution Chamber  
  100  8:34  Evolution Chamber  
  99  8:47  Drone  
  100  8:54  Ravager x2  
  102  9:01  Hatchery  
  101  9:05  Queen  
  101  9:06  Queen  
  101  9:08  Drone  
  101  9:09  Drone x4  
  110  9:13  Drone x6  
  110  9:14  Hydralisk x3  
  122  9:22  Nydus Network  
  121  9:24  Pneumatized Carapace  
  121  9:41  Burrow  
  121  9:42  Zerg Ground Armor Level 1, Zerg Missile Weapons Level 1  
  121  9:53  Hydralisk  
  121  9:54  Hydralisk x3  
  121  9:55  Overlord x3  
  121  9:56  Overlord x2  
  129  10:13  Extractor  
  128  10:15  Spore Crawler  
  127  10:28  Nydus Canal  
  127  10:42  Hydralisk  
  127  10:43  Hydralisk x7  
  127  10:44  Hydralisk  
  145  11:02  Drone x3  
  134  11:24  Hydralisk x2  
  134  11:25  Hydralisk x3  
  101  11:38  Hydralisk x6  
  101  11:39  Hydralisk x3  
  119  11:49  Drone x2  
  119  11:50  Queen  
  119  11:53  Extractor  
  122  11:59  Drone x2  
  122  12:00  Hydralisk x5  
  122  12:01  Hydralisk  
  134  12:04  Zerg Missile Weapons Level 2  
  136  12:10  Infestation Pit  
  136  12:12  Hydralisk x3  
  127  12:23  Zergling x2  
  127  12:24  Zergling x18  
  117  12:39  Hydralisk  
  117  12:40  Hydralisk x5  
  111  12:53  Drone x13  
  104  13:11  Hatchery  
  103  13:16  Hydralisk x6  
  103  13:17  Hydralisk x2  
  119  13:33  Drone, Extractor  
  95  13:46  Zergling x2  
  95  13:47  Zergling x16  
  93  13:48  Hydralisk  
  93  13:49  Hydralisk x2  
  98  14:15  Hydralisk  
  98  14:16  Hydralisk x6  
  98  14:17  Hydralisk  
  107  14:24  Drone  
  107  14:25  Drone x2  
  110  14:44  Zergling x2  
  110  14:45  Zergling x12  
  116  14:46  Zergling x2  
  118  14:58  Hatchery  
  118  14:59  Queen  
  121  15:06  Hive  
  119  15:09  Muscular Augments  
  119  15:12  Hatchery  
  118  15:16  Drone x2  
  120  15:28  Hydralisk x2  
  120  15:29  Hydralisk x2  
  126  15:38  Nydus Canal  
  122  16:05  Nydus Canal  
  122  16:11  Drone  
  122  16:12  Drone x3  
  122  16:35  Nydus Canal  
  122  16:37  Drone x2  
  124  16:43  Extractor  
  124  16:46  Hydralisk x3  
  124  16:47  Hatchery, Hydralisk x5  
  138  17:04  Spore Crawler  
  136  17:16  Swarm Host  
  136  17:17  Zergling x14  
  123  17:47  Zergling x2  
  123  17:48  Zergling x14  
  96  18:00  Hydralisk  
  96  18:01  Hydralisk  
  72  18:23  Drone x3  
  75  18:36  Drone x2  
  75  18:37  Drone x2  
  79  18:41  Zergling x2  
  79  18:42  Zergling x14  
  79  18:44  Drone x21  
  89  18:52  Drone, Zergling x2  
  89  19:06  Hatchery  
  86  19:34  Drone x4  
  86  19:35  Hydralisk  
  86  19:36  Hydralisk x4  
  86  19:37  Hydralisk  
  99  19:41  Zergling x4  
Show
View Real Time Build Order
Export as new Build Order

Wickman Protoss - Winner!

Build Orders: Cannon Rush 

Get SALT Encoding   

  12  0:16  Pylon  
  12  0:27  Probe (Chrono Boost)  
  13  0:36  Forge  
  13  0:37  Probe (Chrono Boost)  
  14  0:48  Probe (Chrono Boost)  
  15  1:03  Pylon  
  15  1:25  Pylon  
  15  1:52  Photon Cannon  
  15  1:53  Photon Cannon  
  15  1:58  Photon Cannon  
  15  2:10  Probe (Chrono Boost)  
  15  2:20  Probe (Chrono Boost)  
  15  2:22  Pylon  
  16  2:31  Probe (Chrono Boost)  
  17  2:42  Photon Cannon  
  17  2:49  Photon Cannon  
  17  2:51  Photon Cannon  
  17  2:54  Photon Cannon  
  17  3:06  Photon Cannon  
  17  3:19  Photon Cannon  
  16  4:29  Nexus, Assimilator  
  16  4:32  Probe (Chrono Boost)  
  16  4:34  Assimilator  
  17  4:42  Probe (Chrono Boost)  
  18  4:53  Probe (Chrono Boost)  
  18  5:04  Probe (Chrono Boost)  
  20  5:14  Probe (Chrono Boost)  
  20  5:17  Pylon  
  20  5:21  Pylon  
  20  5:25  Probe (Chrono Boost)  
  21  5:43  Assimilator  
  21  5:45  Probe (Chrono Boost)  
  22  5:50  Assimilator  
  22  5:55  Probe (Chrono Boost)  
  23  5:58  Probe (Chrono Boost)  
  24  6:06  Probe (Chrono Boost), Gateway  
  24  6:09  Probe (Chrono Boost)  
  26  6:16  Probe (Chrono Boost)  
  27  6:19  Probe (Chrono Boost)  
  28  6:27  Probe (Chrono Boost)  
  25  6:37  Probe (Chrono Boost)  
  24  6:48  Probe (Chrono Boost)  
  25  6:58  Probe (Chrono Boost)  
  26  7:16  Probe (Chrono Boost)  
  27  7:27  Probe (Chrono Boost), Cybernetics Core  
  28  7:31  Probe (Chrono Boost)  
  29  7:38  Probe (Chrono Boost)  
  29  7:42  Probe (Chrono Boost)  
  31  7:48  Probe (Chrono Boost)  
  31  7:49  Pylon  
  32  7:52  Probe (Chrono Boost)  
  33  7:59  Probe (Chrono Boost)  
  33  8:03  Probe (Chrono Boost)  
  35  8:09  Probe (Chrono Boost), Robotics Facility  
  35  8:11  Robotics Facility  
  36  8:13  Probe (Chrono Boost)  
  36  8:14  Robotics Facility  
  36  8:18  Robotics Facility  
  37  8:24  Probe (Chrono Boost)  
  38  8:34  Probe (Chrono Boost), Pylon  
  38  8:37  Pylon  
  39  8:57  Observer  
  39  8:58  Observer  
  41  9:09  Robotics Bay  
  41  9:13  Forge  
  41  9:14  Forge  
  41  9:16  Forge  
  41  10:06  Colossus (Chrono Boost)  
  41  10:07  Colossus (Chrono Boost)  
  59  10:10  Colossus x2 (Chrono Boost), Extended Thermal Lance  
  59  10:12  Protoss Ground Weapons Level 1  
  65  10:14  Protoss Ground Armor Level 1  
  65  10:16  Protoss Shields Level 1  
  65  10:38  Pylon  
  65  10:39  Pylon  
  65  10:42  Twilight Council  
  65  10:45  Robotics Facility  
  65  10:49  Pylon  
  65  10:51  Pylon  
  65  10:58  Colossus (Chrono Boost)  
  65  10:59  Colossus (Chrono Boost)  
  77  11:24  Colossus (Chrono Boost)  
  77  11:47  Colossus (Chrono Boost)  
  77  12:11  Colossus (Chrono Boost)  
  89  12:20  Colossus (Chrono Boost)  
  76  12:57  Warp Prism (Chrono Boost)  
  72  13:03  Colossus (Chrono Boost)  
  72  13:20  Colossus (Chrono Boost)  
  84  13:27  Colossus (Chrono Boost)  
  72  13:53  Colossus (Chrono Boost)  
  84  14:00  Colossus (Chrono Boost)  
  78  14:18  Protoss Ground Weapons Level 2  
  78  14:22  Protoss Ground Armor Level 2  
  66  14:36  Nexus  
  66  14:46  Nexus  
  66  14:47  Assimilator  
  66  14:51  Assimilator  
  66  14:52  Protoss Shields Level 2  
  66  14:59  Pylon  
  66  15:03  Pylon  
  66  15:08  Assimilator  
  66  15:13  Assimilator  
  66  15:14  Pylon  
  66  15:18  Photon Cannon  
  66  15:21  Photon Cannon  
  72  15:34  Colossus (Chrono Boost)  
  78  15:36  Photon Cannon  
  78  15:37  Colossus (Chrono Boost)  
  78  15:39  Photon Cannon  
  78  15:44  Photon Cannon  
  78  15:48  Probe  
  79  15:59  Probe  
  80  16:06  Colossus (Chrono Boost)  
  80  16:09  Probe  
  80  16:11  Probe  
  93  16:13  Colossus (Chrono Boost)  
  94  16:20  Probe  
  94  16:21  Probe  
  96  16:30  Probe  
  96  16:32  Probe  
  98  16:42  Probe  
  98  16:43  Probe  
  100  16:50  Protoss Ground Weapons Level 3  
  100  16:53  Protoss Ground Armor Level 3  
  100  16:55  Probe  
  101  17:07  Probe  
  108  17:13  Colossus (Chrono Boost)  
  108  17:19  Probe  
  109  17:31  Probe  
  98  18:08  Colossus x3 (Chrono Boost)  
  122  18:13  Colossus (Chrono Boost)  
  122  18:15  Colossus (Chrono Boost)  
  122  18:58  Colossus x3 (Chrono Boost)  
  140  20:35  Pylon  
  140  20:37  Pylon  
  140  20:42  Pylon  
  134  20:45  Pylon  
  134  20:48  Pylon  
  128  20:51  Pylon  
Show
View Real Time Build Order
Export as new Build Order

ThirdRailTX Protoss - Winner!

Build Orders:  

Get SALT Encoding   

  12  0:24  Probe (Chrono Boost)  
  13  0:29  Pylon  
  13  0:35  Probe (Chrono Boost)  
  14  0:45  Probe (Chrono Boost)  
  15  0:52  Gateway  
  15  0:56  Probe (Chrono Boost)  
  16  1:05  Pylon  
  16  1:06  Probe (Chrono Boost)  
  16  1:09  Forge  
  17  1:13  Assimilator  
  17  1:17  Probe (Chrono Boost)  
  18  1:21  Assimilator  
  18  1:27  Probe (Chrono Boost)  
  19  1:38  Probe (Chrono Boost)  
  20  1:41  Cybernetics Core  
  20  1:49  Probe (Chrono Boost)  
  20  1:53  Photon Cannon  
  21  1:59  Probe (Chrono Boost)  
  22  2:32  Stargate  
  22  2:34  Probe (Chrono Boost)  
  23  2:49  Nexus  
  23  2:52  Probe (Chrono Boost)  
  24  3:17  Void Ray (Chrono Boost)  
  24  3:19  Protoss Air Weapons Level 1  
  28  3:22  Mothership Core  
  30  3:38  Pylon  
  30  3:43  Probe  
  31  3:57  Void Ray (Chrono Boost)  
  35  4:30  Stargate  
  35  4:52  Void Ray (Chrono Boost)  
  39  4:53  Probe  
  39  4:55  Probe  
  39  4:56  Assimilator  
  39  4:59  Assimilator  
  41  5:00  Photon Cannon  
  41  5:04  Photon Cannon x2  
  41  5:13  Void Ray (Chrono Boost)  
  41  5:38  Void Ray (Chrono Boost)  
  39  5:53  Void Ray (Chrono Boost)  
  43  5:57  Probe x2  
  45  6:09  Probe  
  46  6:12  Mothership Core  
  48  6:36  Void Ray (Chrono Boost)  
  52  6:49  Pylon  
  52  6:55  Pylon  
  52  6:56  Pylon  
  52  7:08  Void Ray (Chrono Boost)  
  56  7:30  Probe x2  
  56  7:33  Void Ray (Chrono Boost)  
  56  7:36  Protoss Air Armor Level 1  
  62  7:42  Probe  
  62  7:43  Probe  
  64  7:54  Probe  
  64  7:55  Void Ray (Chrono Boost), Probe  
  70  8:10  Void Ray (Chrono Boost)  
  74  8:20  Pylon  
  74  8:47  Void Ray x2 (Chrono Boost)  
  82  9:11  Probe x2  
  83  10:14  Pylon  
  83  10:15  Pylon  
  83  10:16  Pylon  
  83  10:32  Void Ray x2 (Chrono Boost)  
  91  11:09  Void Ray x2 (Chrono Boost)  
  99  11:47  Void Ray (Chrono Boost)  
  99  12:09  Pylon  
  99  12:10  Stargate  
  99  12:11  Pylon  
  99  12:12  Pylon  
  99  12:13  Stargate  
  99  12:28  Void Ray x2 (Chrono Boost)  
  95  13:05  Void Ray x2 (Chrono Boost)  
  99  13:42  Void Ray x2 (Chrono Boost)  
  99  14:14  Void Ray x2 (Chrono Boost)  
  99  14:19  Void Ray x2 (Chrono Boost)  
  99  14:23  Pylon, Fleet Beacon  
  107  14:24  Pylon  
  115  14:57  Void Ray x4 (Chrono Boost)  
  122  15:34  Void Ray (Chrono Boost)  
  134  15:40  Void Ray x2 (Chrono Boost)  
  134  15:59  Void Ray (Chrono Boost)  
  142  16:11  Void Ray (Chrono Boost)  
  142  17:35  Assimilator  
  142  17:36  Assimilator  
  138  17:40  Pylon  
  138  17:42  Pylon  
  90  18:04  Void Ray (Chrono Boost)  
  90  18:05  Void Ray (Chrono Boost)  
  102  18:10  Void Ray (Chrono Boost)  
  102  18:11  Void Ray (Chrono Boost)  
  101  18:53  Void Ray (Chrono Boost)  
  105  20:11  Void Ray (Chrono Boost)  
Show
View Real Time Build Order
Export as new Build Order

Rob Protoss - Winner!

Build Orders:  

Get SALT Encoding   

  12  0:03  Probe (Chrono Boost)  
  13  0:15  Pylon  
  13  0:24  Probe (Chrono Boost)  
  14  0:29  Assimilator  
  14  0:42  Gateway  
  14  0:47  Assimilator  
  14  0:55  Probe (Chrono Boost)  
  15  1:06  Probe (Chrono Boost)  
  16  1:16  Probe (Chrono Boost)  
  17  1:27  Probe (Chrono Boost)  
  17  1:31  Cybernetics Core  
  18  1:41  Probe (Chrono Boost)  
  18  1:46  Zealot  
  21  1:51  Probe (Chrono Boost)  
  22  2:05  Probe (Chrono Boost)  
  23  2:13  Stargate  
  23  2:23  Pylon  
  23  2:41  Probe (Chrono Boost)  
  24  2:51  Probe (Chrono Boost)  
  25  3:00  Nexus  
  25  3:22  Fleet Beacon  
  25  3:25  Mothership Core (Chrono Boost)  
  27  3:39  Adept  
  29  3:43  Probe (Chrono Boost)  
  30  3:54  Probe (Chrono Boost)  
  30  3:55  Pylon  
  29  4:04  Probe (Chrono Boost)  
  30  4:13  Pylon  
  30  4:20  Probe (Chrono Boost)  
  31  4:24  Pylon  
  31  4:26  Pylon  
  31  4:30  Probe (Chrono Boost)  
  31  4:31  Probe (Chrono Boost), Adept  
  33  4:40  Probe (Chrono Boost)  
  33  4:45  Probe (Chrono Boost)  
  33  4:51  Probe (Chrono Boost)  
  34  4:55  Probe (Chrono Boost)  
  35  5:01  Probe (Chrono Boost)  
  35  5:06  Probe (Chrono Boost)  
  37  5:12  Probe (Chrono Boost)  
  36  5:16  Probe (Chrono Boost)  
  37  5:23  Probe (Chrono Boost)  
  37  5:27  Probe (Chrono Boost)  
  36  5:30  Void Ray  
  36  5:33  Probe (Chrono Boost)  
  36  5:35  Zealot  
  33  5:51  Probe (Chrono Boost)  
  31  5:57  Mothership Core (Chrono Boost)  
  31  6:01  Probe (Chrono Boost)  
  31  6:12  Void Ray, Probe (Chrono Boost)  
  31  6:16  Probe (Chrono Boost)  
  31  6:23  Probe (Chrono Boost)  
  29  6:26  Probe (Chrono Boost)  
  29  6:38  Zealot  
  29  6:39  Probe (Chrono Boost)  
  32  6:55  Void Ray  
  32  6:58  Probe (Chrono Boost)  
  30  7:09  Probe (Chrono Boost)  
  30  7:10  Probe (Chrono Boost)  
  29  7:20  Probe x2 (Chrono Boost)  
  29  7:30  Probe (Chrono Boost)  
  29  7:31  Probe (Chrono Boost)  
  31  7:41  Probe (Chrono Boost)  
  31  7:42  Probe (Chrono Boost)  
  31  7:43  Protoss Air Weapons Level 1  
  32  7:51  Probe (Chrono Boost)  
  32  7:52  Probe (Chrono Boost)  
  34  8:02  Probe x2 (Chrono Boost)  
  34  8:04  Oracle (Chrono Boost)  
  39  8:11  Probe  
  39  8:13  Probe  
  40  8:20  Pylon  
  40  8:29  Probe  
  40  8:31  Probe  
  42  8:43  Probe  
  43  8:49  Probe  
  43  8:55  Probe  
  44  8:58  Adept  
  44  8:59  Probe  
  44  9:00  Pylon  
  47  9:07  Probe  
  47  9:08  Pylon  
  48  9:10  Probe  
  49  9:17  Assimilator  
  49  9:19  Probe  
  49  9:21  Probe, Assimilator  
  51  9:31  Probe x2, Forge  
  53  9:42  Void Ray (Chrono Boost), Probe  
  53  9:43  Probe  
  39  10:34  Probe  
  38  10:36  Probe  
  40  10:44  Photon Cannon  
  40  10:46  Photon Cannon  
  40  10:47  Photon Cannon  
  40  10:48  Probe  
  32  11:47  Nexus  
  32  11:55  Nexus  
  32  11:59  Void Ray (Chrono Boost), Probe  
  37  12:11  Probe  
  38  12:23  Probe  
  24  13:00  Probe  
  24  13:01  Void Ray (Chrono Boost)  
  24  13:02  Mothership Core  
  31  13:11  Probe  
  31  13:12  Probe  
  33  13:19  Zealot  
  35  13:30  Pylon  
  35  13:32  Probe  
  36  13:34  Probe  
  36  13:38  Probe  
  38  13:44  Probe x2  
  40  13:48  Probe  
  41  13:55  Adept  
  41  14:00  Probe  
  41  14:02  Probe  
  45  14:10  Oracle (Chrono Boost)  
  45  14:11  Probe  
  45  14:15  Probe  
  45  14:16  Probe  
  50  14:23  Probe  
  51  14:26  Pylon  
  51  14:29  Probe  
  51  14:30  Probe  
  54  14:35  Pylon  
  54  14:36  Probe  
  55  14:41  Adept  
  55  14:43  Probe  
  58  14:46  Probe x2  
  60  14:56  Probe  
  61  15:03  Photon Cannon  
  61  15:05  Photon Cannon  
  61  15:06  Probe  
  61  15:08  Adept  
  61  15:09  Probe  
  61  15:10  Photon Cannon  
  61  15:13  Oracle (Chrono Boost)  
  68  15:18  Probe  
  68  15:19  Probe  
  68  15:21  Probe  
  71  15:29  Probe x2  
  73  15:36  Stargate  
  73  15:42  Stargate  
  73  15:44  Oracle (Chrono Boost)  
  73  15:45  Stargate  
  76  15:51  Stargate  
  76  16:00  Probe  
  76  16:02  Probe  
  76  16:03  Adept  
  76  16:04  Assimilator  
  80  16:06  Assimilator  
  80  16:10  Pylon  
  80  16:15  Oracle (Chrono Boost)  
  83  16:23  Pylon  
  95  16:43  Carrier (Chrono Boost)  
  95  16:44  Carrier (Chrono Boost)  
  101  16:52  Carrier (Chrono Boost)  
  101  16:56  Carrier (Chrono Boost)  
  107  17:12  Protoss Air Weapons Level 2  
  107  17:21  Pylon  
  107  17:22  Pylon  
  107  17:25  Pylon  
  107  17:36  Pylon  
  107  17:39  Pylon  
  107  17:40  Protoss Shields Level 1  
  107  17:43  Pylon  
  119  17:51  Carrier (Chrono Boost)  
  119  18:25  Carrier (Chrono Boost)  
  131  18:55  Carrier (Chrono Boost)  
  137  19:22  Carrier (Chrono Boost)  
Tags
 
Add a new tag
Caveats
  • Supply blocks, unpowered buildings, or Contaminate may cause inaccurate times.
  • Supply counts are checked every 10 seconds.